 Dungeon Crawl Stone Soup version 0.18.1-48-g4cf74bf (webtiles) character file.

336 ErikD the Skirmisher (level 6, -2/56 HPs)
             Began as a Hill Orc Berserker on Aug 1, 2016.
             Was a Priest of Trog.
             Slain by a kobold
             ... wielding a +0 short sword
              (3 damage)
             ... in a sewer.
             The game lasted 00:26:17 (3585 turns).

ErikD the Skirmisher (Hill Orc Berserker)           Turns: 3585, Time: 00:26:18

Health: -2/56      AC:  2    Str: 20    XL:     6   Next: 54%
Magic:  6/6        EV: 13    Int:  8    God:    Trog [***...]
Gold:   94         SH:  0    Dex: 11    Spells: 0 memorised, 5 levels left

rFire  . . .     SeeInvis .     a - +0 mace
rCold  . . .     Gourm    .     b - +0 animal skin
rNeg   . . .     Faith    .     (no shield)
rPois  .         Spirit   .     (no helmet)
rElec  .         Dismiss  .     (no cloak)
rCorr  .         Reflect  .     (no gloves)
SustAt .         Harm     .     (no boots)
MR     .....                    (no amulet)
Stlth  ++........               (no ring)
                                (no ring)

@: not resistant to hostile enchantments, unstealthy
A: no striking features
a: Berserk, Trog's Hand, Burn Spellbooks, Renounce Religion


You were in a sewer.
You worshipped Trog.
Trog was most pleased with you.
You were hungry.

You visited 1 branch of the dungeon, and saw 5 of its levels.
You also visited: Sewer.

You collected 94 gold pieces.

Inventory:

Hand Weapons
 a - a +0 mace (weapon)
 d - a +0 club
 e - a cursed -3 whip
 r - a +0 hand axe
Missiles
 i - 7 tomahawks (quivered)
Armour
 b - a +0 animal skin (worn)
 s - a +0 pair of gloves
Jewellery
 g - an uncursed ring of stealth {unknown}
 j - an uncursed ring of magical power {unknown}
 p - a +2 ring of intelligence {unknown}
Scrolls
 f - 2 scrolls of magic mapping
 k - a scroll of remove curse {unknown}
 o - a scroll of identify {unknown}
 t - a scroll of immolation {unknown}
 x - a scroll of amnesia {unknown}
Potions
 l - 3 potions of might {unknown}
 m - a potion of mutation {unknown}
 n - a potion of invisibility {unknown}
 u - 2 potions of curing
 v - a potion of agility {unknown}
 w - 2 potions of flight {unknown}
 z - a potion of brilliance {unknown}
Comestibles
 c - 2 bread rations
 h - a beef jerky


   Skills:
 + Level 5.0 Fighting
 + Level 4.2 Maces & Flails
 + Level 2.0 Throwing
 + Level 2.1 Armour
 + Level 3.7 Dodging
 + Level 1.1 Stealth


You had 5 spell levels left.
You didn't know any spells.

Dungeon Overview and Level Annotations

Branches:
Dungeon (5/15)
 Temple: D:4-7

Altars:


Message History

The kobold hits you but does no damage. The big kobold barely misses you.
The kobold hits you.
* * * LOW HITPOINT WARNING * * *
The kobold barely misses you.
You're too exhausted to go berserk.
The kobold barely misses you.
The kobold hits the plant but does no damage.
You feel the effects of Trog's Hand fading.
Your skin stops crawling.
You feel less resistant to hostile enchantments.
You feel less exhausted.
You hit the plant but do no damage. The kobold hits you with a short sword.
* * * LOW HITPOINT WARNING * * *
The big kobold misses you. The kobold closely misses you.
You sock the plant!
The plant is lightly damaged.
The big kobold hits you with a whip!
* * * LOW HITPOINT WARNING * * *
The kobold hits you with a short sword.
You die...

#### ##### ####
#####..####...####..#######
#..P#..........##.........#
##...#......÷.............P##
#...............K...........#####
÷...(.........KK@P..........#....
....≈P≈≈.......K.....≈.(.((())...
≈≈≈≈≈≈≈≈≈≈≈≈.PP≈≈..≈≈≈≈.....'..∩.
≈≈≈≈≈≈≈≈≈≈≈P...P≈≈≈≈≈P≈≈P...#....
####≈≈≈≈##########≈≈≈############
≈≈≈≈≈≈≈≈≈≈≈≈≈≈≈≈≈≈≈≈≈≈≈≈≈÷≈≈≈≈≈≈≈
≈≈≈≈≈≈≈≈≈≈≈≈≈≈≈≈≈≈≈≈≈≈≈≈≈≈≈≈≈≈≈≈≈
≈≈≈≈≈≈≈≈≈≈≈≈≈≈≈≈≈≈≈≈≈≈≈≈≈≈≈≈≈≈≈≈≈
#≈#######≈#≈############≈≈#######


You could see a big kobold and 3 kobolds.

Vanquished Creatures
  An ogre (D:3)
  A big kobold (Sewer)
  A killer bee zombie (D:5)
  4 adders
  A shadow imp (D:5)
  3 oozes
  2 worms (D:2)
  2 dart slugs (D:1)
  4 giant geckos
  An orc (D:3)
  6 giant cockroaches
  6 goblins
  8 hobgoblins
  6 ball pythons
  7 bats
  5 giant newts
  11 kobolds
  38 rats
107 creatures vanquished.

Notes
Turn   | Place    | Note
--------------------------------------------------------------
     0 | D:1      | ErikD the Hill Orc Berserker began the quest for the Orb.
     0 | D:1      | Reached XP level 1. HP: 19/19 MP: 1/1
    38 | D:1      | Reached XP level 2. HP: 21/27 MP: 2/2
   128 | D:1      | Reached skill level 4 in Fighting
   494 | D:1      | Reached XP level 3. HP: 26/33 MP: 3/3
  1067 | D:2      | Reached ** piety under Trog
  1222 | D:2      | Reached XP level 4. HP: 37/40 MP: 4/4
  1322 | D:2      | Reached skill level 1 in Throwing
  1734 | D:3      | Noticed an ogre
  1741 | D:3      | Killed an ogre
  1741 | D:3      | Reached skill level 1 in Stealth
  1741 | D:3      | Reached XP level 5. HP: 41/47 MP: 5/5
  2221 | D:3      | Reached *** piety under Trog
  2814 | D:5      | Entered Level 5 of the Dungeon
  2898 | D:5      | Reached XP level 6. HP: 53/55 MP: 6/6
  2959 | D:4      | Found a glowing drain.
  2990 | Sewer    | Entered a sewer
  3361 | Sewer    | Reached skill level 5 in Fighting
  3571 | Sewer    | HP: 2/56 [kobold (4)]
  3585 | Sewer    | HP: 1/56 [big kobold/whip (8)]
  3585 | Sewer    | Slain by a kobold

Skill      XL: |  1  2  3  4  5  6 |
---------------+-------------------+-----
Fighting       | 4 5 |  5.0
Dodging        | 2 3 |  3.7
Throwing       | 1 2 |  2.0
Stealth        | 1 |  1.1
Maces & Flails | 4 |  4.2
Armour         | |  2.1

Action                   |  1- 3 |  4- 6 || total
-------------------------+-------+-------++-------
Melee: Mace              |    82 |   230 ||   312
Throw: Tomahawk          |    29 |    30 ||    59
Invok: Berserk           |     3 |     7 ||    10
       Trog's Hand       |       |     4 ||     4
  Use: Scroll            |     1 |     1 ||     2
       Potion            |       |     2 ||     2
 Stab: Sleeping          |     1 |       ||     1
  Eat: Chunk             |     4 |     2 ||     6
       Bread ration      |       |     2 ||     2
       Pizza             |       |     2 ||     2
       Beef jerky        |       |     1 ||     1
Armor: Animal skin       |    26 |    47 ||    73
Dodge: Dodged            |    58 |   195 ||   253
